 Dungeon Crawl Stone Soup version 0.27.1-33-g824d729ab1 (webtiles) character file.

Game seed: 17598239734117420269

1109 sking99 the Conjurer (level 8, 9/64 HPs)
             Began as a Barachi Conjurer on Dec 7, 2021.
             Was an Initiate of Sif Muna.
             Quit the game on level 6 of the Dungeon.
             The game lasted 00:15:02 (5890 turns).

sking99 the Conjurer (Barachi Conjurer)             Turns: 5890, Time: 00:15:02

Health: 9/64       AC:  5    Str: 11    XL:     8   Next: 33%
Magic:  10/16      EV: 16    Int: 19    God:    Sif Muna [......]
Gold:   291        SH:  0    Dex: 10    Spells: 12/18 levels left

rFire    . . .     SeeInvis .   j - staff of cold
rCold    + . .     Faith    .   (no shield)
rNeg     . . .     Spirit   .   a - +0 robe
rPois    +         Reflect  .   c - +2 hat
rElec    .         Harm     .   (no cloak)
rCorr    .         Rampage  .   o - +0 pair of gloves
Will     .....                  (no boots)
Stlth    ++........             (no amulet)
HPRegen  0.20/turn              e - +4 ring of evasion
MPRegen  0.15/turn              l - ring of poison resistance

@: seriously poisoned (9 -> 3), slow
A: amphibious, slowness 1, strong legs 1, +LOS
a: Hop, Renounce Religion


You were on level 6 of the Dungeon.
You worshipped Sif Muna.
Sif Muna was noncommittal.
You visited 2 branches of the dungeon, and saw 7 of its levels.
You also visited: Sewer.

You collected 291 gold pieces.

Inventory:

Armour
 a - a +0 robe (worn)
 c - a +2 hat (worn)
 o - a +0 pair of gloves (worn)
Magical Staves
 j - a staff of cold (weapon)
Jewellery
 e - a +4 ring of evasion (left hand)
 l - a ring of poison resistance (right hand)
 u - a ring of resist corrosion
Wands
 x - a wand of iceblast (4)
Scrolls
 b - 3 scrolls of teleportation
 d - a scroll of amnesia
 h - a scroll of noise {unknown}
 q - a scroll of fear
 s - a scroll of brand weapon {unknown}
 v - 2 scrolls of enchant armour {unknown}
 y - a scroll of torment {unknown}
Potions
 f - 2 potions of curing
 g - 3 potions of flight
 i - 2 potions of magic {unknown}
 k - a potion of resistance
 m - a potion of invisibility {unknown}
 n - 2 potions of might {unknown}
 p - 3 potions of haste {unknown}
 r - a potion of mutation {unknown}
 t - 3 potions of heal wounds {unknown}
 w - 2 potions of brilliance {unknown}
 z - a potion of cancellation {unknown}


   Skills:
 + Level 5.7 Fighting
 - Level 3.1 Dodging
 - Level 2.6 Stealth
 + Level 5.8 Spellcasting
 + Level 7.4 Conjurations


You had 12 spell levels left.
You knew the following spells:

 Your Spells              Type           Power      Damage    Failure   Level
a - Magic Dart            Conj           100%       1d8       1%          1
b - Searing Ray           Conj           66%        3d5       1%          2
c - Dazzling Flash        Conj/Hex       38%        N/A       8%          3

Your spell library contained the following spells:

 Spells                   Type           Power      Damage    Failure   Level
 Animate Skeleton         Necr           10%        N/A       12%         1
 Apportation              Tloc           10%        N/A       12%         1
 Corona                   Hex            5%         N/A       12%         1
 Pain                     Necr           20%        1d5       12%         1
 Summon Small Mammal      Summ           20%        N/A       12%         1
 Slow                     Hex            5%         N/A       17%         2
 Fulminant Prism          Conj/Hex       9%         3d7       26%         4
 Iskenderun's Mystic Bla  Conj/Tloc      19%        2d6       26%         4
 Confusing Touch          Hex            5%         N/A       34%         3
 Vampiric Draining        Necr           2%         2d6       34%         3


Dungeon Overview and Level Annotations

Branches:
Dungeon (6/15)             Temple (1/1) D:5           Sewer (visited)

Altars:
Ashenzari
Cheibriados
Dithmenos
Elyvilon
Fedhas
Gozag
Hepliaklqana
Kikubaaqudgha
Makhleb
Nemelex Xobeh
Okawaru
Qazlal
Ru
Sif Muna
Trog
Uskayaw
Vehumet
Wu Jian
Xom
Yredelemnul
Zin
The Shining One

Shops:
D:2 (

Annotations:
D:6 Pikel


Innate Abilities, Weirdness & Mutations

You are amphibious.
You cover ground slowly.
You can hop short distances.
You have an extended range of vision and can be seen from far away.


Message History

The lemure misses you.
The water moccasin completely misses you.
The searing ray hits Pikel.
Pikel is severely wounded.
You finish channeling your searing ray.
The orc shouts!
The water moccasin barely misses you. The lemure completely misses you.
Pikel barely misses you.
The orc shouts!
The water moccasin bites you. The lemure closely misses you. Pikel misses you.
The water moccasin bites you. The water moccasin barely misses you.
The water moccasin misses you. Pikel barely misses you.
The water moccasin bites you!
An orc comes into view. It is wielding a +0 falchion.
The water moccasin completely misses you.
The water moccasin bites you. The water moccasin barely misses you.
You see here an adder corpse.
The water moccasin barely misses you. The water moccasin bites you.
The orc priest miscasts a cantrip.
The water moccasin misses you.
The water moccasin bites you but does no damage.
The water moccasin bites you! The water moccasin closely misses you.
The water moccasin closely misses you.
A hornet zombie comes into view.
Found a spear.
The orc priest mumbles some strange prayers to Beogh against you.
Beogh smites you! The water moccasin bites you.
* * * LOW HITPOINT WARNING * * *
You are poisoned.
The water moccasin poisons you!
You feel very sick. The water moccasin bites you.
* * * LOW HITPOINT WARNING * * *
Are you sure you want to abandon this character and quit the game? (Confirm with "yes".)

.# .......# #.#.#.# .#
......#####.#.#.# .+
.............#.# 5#
#####....####.###.# .+
.........##.......#
.##########...5.##.#.#####
..........oo..5K.#.#)#
.....†.....5...#S#.#.#
.........o.....#@#.#.#
............5..#.#.#'#####
.##########....#.........#
.# #....##........# '##
#..))).........# ..#
#....##........# ..#
#.##.##........#
..#########.##.###.......#
..)............# #.......#


You could see Pikel, a water moccasin and a lemure.

Vanquished Creatures
  A water moccasin (D:5)
  Purgy (Sewer)
  An ogre (D:6)
  A centaur (D:6)
  4 scorpions
  A water moccasin skeleton (D:4)
  2 howler monkeys (D:5)
  A hound (D:2)
  A jelly (D:5)
  A bullfrog skeleton (D:5)
  2 iguanas
  An orc wizard (D:6)
  2 hound zombies
  A howler monkey zombie (D:5)
  7 adders
  A shadow imp (D:6)
  A white imp (D:5)
  An ufetubus (D:1)
  An adder zombie (D:5)
  2 worms
  7 dart slugs
  6 orcs
  11 ball pythons
  5 endoplasms
  2 giant cockroaches
  9 goblins
  6 hobgoblins
  6 quokkas
  9 bats
  10 frilled lizards
  3 kobolds
  5 rats
112 creatures vanquished.

Notes
Turn   | Place    | Note
-------+----------+-------------------------------------------
     0 | D:1      | sking99 the Barachi Conjurer began the quest for the Orb.
     0 | D:1      | Reached XP level 1. HP: 13/13 MP: 3/3
   215 | D:1      | Reached XP level 2. HP: 19/19 MP: 3/5
   986 | D:1      | Learned a level 2 spell: Searing Ray
   987 | D:2      | Found a faded altar of an unknown god.
   994 | D:1      | Reached XP level 3. HP: 17/24 MP: 1/6
  1347 | D:2      | Reached XP level 4. HP: 30/30 MP: 0/8
  1420 | D:2      | Found Ysovvial's Antique Weapon Shoppe.
  1455 | D:2      | Reached skill level 5 in Conjurations
  1656 | D:2      | Reached skill level 1 in Fighting
  1714 | D:2      | Noticed a scorpion
  1720 | D:2      | Killed a scorpion
  1721 | D:2      | Reached XP level 5. HP: 38/38 MP: 1/10
  1855 | D:2      | Reached XP level 6. HP: 39/46 MP: 1/11
  2459 | D:3      | Learned a level 3 spell: Dazzling Flash
  2839 | D:3      | Found a shadowy altar of Dithmenos.
  3080 | D:3      | Found a glowing golden altar of the Shining One.
  3708 | D:4      | Reached skill level 6 in Conjurations
  3968 | D:5      | Entered Level 5 of the Dungeon
  3995 | D:5      | Identified a scroll of acquirement
  3995 | D:5      | Acquired a +2 hat
  4007 | D:5      | Found a staircase to the Ecumenical Temple.
  4034 | D:5      | Reached XP level 7. HP: 42/52 MP: 2/13
  4078 | D:5      | Found a glowing drain.
  4083 | Sewer    | Entered a sewer
  4260 | Sewer    | Noticed Purgy
  4268 | Sewer    | Killed Purgy
  4586 | Temple   | Entered the Ecumenical Temple
  4639 | Temple   | Became a worshipper of Sif Muna the Loreminder
  4727 | D:5      | Reached skill level 5 in Spellcasting
  4885 | D:5      | Found a stormy altar of Qazlal.
  4886 | D:5      | Found a glowing silver altar of Zin.
  4889 | D:5      | Found a white marble altar of Elyvilon.
  4978 | D:5      | Reached skill level 5 in Fighting
  5050 | D:5      | Found a bloodstained altar of Trog.
  5092 | D:5      | Reached XP level 8. HP: 58/62 MP: 11/15
  5330 | D:5      | Found a sacrificial altar of Ru.
  5456 | D:6      | Reached skill level 7 in Conjurations
  5858 | D:6      | Noticed Pikel
  5890 | D:6      | Quit the game

Illustrated notes

Levels and vault maps discovered:
D:1:      ncdulo_wetmaze, layout_loops_ring, minmay_misc_feat_rugged
D:2:      kb_forest_paths, layout_rooms, chequers_ecumenical_altar_simple,
          serial_shops, shop
D:3:      layout_rooms, tso_altar, grunt_dithmenos_smoke, minmay_close_crescents
D:4:      layout_basic
D:5:      layout_cave_pools, grunt_temple_overflow_open,
          minmay_temple_entry_grid, gup_sewer_entry_bowl
D:6:      layout_basic, uniq_pikel
Temple:   eino_wide_crystal_templ

Skill      XL: |  1  2  3  4  5  6  7  8 |
---------------+-------------------------+-----
Stealth        | 2 |  2.6
Dodging        | 3 |  3.1
Spellcasting   | 3 4 5 |  5.8
Conjurations   | 5 6 7 |  7.4
Fighting       | 1 2 3 5 |  5.7

Action                   |  1- 3 |  4- 6 |  7- 9 || total
-------------------------+-------+-------+-------++-------
Melee: Unarmed           |     1 |       |       ||     1
       Staff             |       |       |     8 ||     8
 Cast: Magic Dart        |    47 |   124 |    76 ||   247
       Searing Ray       |     2 |     6 |    11 ||    19
  Use: Scroll            |       |     8 |       ||     8
Armor: Robe              |       |     4 |    10 ||    14
Dodge: Dodged            |    12 |    21 |    45 ||    78
